 Dungeon Crawl Stone Soup version 0.27.1-1-g398f81649c (webtiles) character file.

Game seed: 13975873515334920153

221 pokedragonboy the Conjurer (level 5, -9/28 HPs)
             Began as a Deep Elf Conjurer on Sept 11, 2021.
             Killed by nerve-wracking pain
             ... invoked by Grinder
              (11 damage)
             ... on level 3 of the Dungeon.
             The game lasted 00:09:54 (2664 turns).

pokedragonboy the Conjurer (Deep Elf Conjurer)      Turns: 2664, Time: 00:09:55

Health: -9/28      AC:  2    Str:  4    XL:     5   Next: 65%
Magic:  3/14       EV: 12    Int: 24    God:
Gold:   165        SH:  0    Dex: 13    Spells: 11/14 levels left

rFire    . . .     SeeInvis .   k - +0 rapier (venom)
rCold    . . .     Faith    .   (no shield)
rNeg     . . .     Spirit   .   a - +0 robe
rPois    .         Reflect  .   c - +0 hat
rElec    .         Harm     .   (no cloak)
rCorr    .         Rampage  .   (no gloves)
Will     .....                  (no boots)
Stlth    ++........             (no amulet)
HPRegen  0.09/turn              (no ring)
MPRegen  0.14/turn              (no ring)

@: no status effects
A: no striking features
a: no special abilities


You were on level 3 of the Dungeon.
You visited 1 branch of the dungeon, and saw 3 of its levels.

You collected 165 gold pieces.

Inventory:

Hand Weapons
 g - a +0 dagger
 k - a +0 rapier of venom (weapon)
 o - a +2 short sword of venom
 p - a +2 dagger of speed
Armour
 a - a +0 robe (worn)
 c - a +0 hat (worn)
Wands
 n - a wand of iceblast (5)
Scrolls
 d - a scroll of magic mapping {unknown}
 f - a scroll of summoning {unknown}
 j - 3 scrolls of identify {unknown}
 m - a scroll of teleportation {unknown}
Potions
 b - a potion of brilliance {unknown}
 e - a potion of haste {unknown}
 h - 2 potions of cancellation {unknown}
 i - a potion of lignification {unknown}
 l - a potion of curing {unknown}


   Skills:
 - Level 2.4 Dodging
 - Level 2.4 Stealth
 + Level 5.1 Spellcasting
 * Level 6.8 Conjurations


You had 11 spell levels left.
You knew the following spells:

 Your Spells              Type           Power      Damage    Failure   Level
a - Magic Dart            Conj           100%       1d8       1%          1
b - Searing Ray           Conj           76%        3d6       1%          2

Your spell library contained the following spells:

 Spells                   Type           Power      Damage    Failure   Level
 Dazzling Flash           Conj/Hex       44%        N/A       6%          3
 Slow                     Hex            6%         N/A       13%         2
 Fulminant Prism          Conj/Hex       11%        3d9       22%         4
 Iskenderun's Mystic Bla  Conj/Tloc      22%        2d6       22%         4
 Confusing Touch          Hex            6%         N/A       26%         3
 Frozen Ramparts          Ice            12%        1d3       26%         3
 Vampiric Draining        Necr           3%         2d6       26%         3
 Ice Form                 Ice/Tmut       6%         N/A       65%         4
 Summon Ice Beast         Ice/Summ       6%         N/A       65%         4


Dungeon Overview and Level Annotations

Branches:
Dungeon (3/15)

Altars:
Kikubaaqudgha

Shops:
D:2 [

Annotations:
D:2 1 runed translucent door, exclusion: door, Crazy Yiuf
D:3 Grinder


Message History

Aim: Grinder (lightly wounded, 100% to hit)
The magic dart hits Grinder.
Grinder is lightly wounded.
Grinder gestures at you. Pain shoots through your body!
Grinder gestures at you.
You struggle to resist.
Casting: Magic Dart (safe; 1% risk of failure)
Confirm with . or Enter, or press ? or * to list all spells.
You don't know that spell.
Casting: Magic Dart (safe; 1% risk of failure)
Confirm with . or Enter, or press ? or * to list all spells.
Aiming: Searing Ray (safe; 1% risk of failure)
Press: ? - help, Shift-Dir - straight line, f/p - Grinder
Aim: Grinder (lightly wounded, 78% to hit)
The searing ray hits Grinder!
Grinder is moderately wounded. (Press . to maintain the ray.)
The searing ray hits Grinder!
Grinder is heavily wounded.
The searing ray hits Grinder!
Grinder is almost dead.
Grinder hits you.
You writhe in agony.
The searing ray misses Grinder.
You finish channeling your searing ray.
Grinder hits you.
* * * LOW HITPOINT WARNING * * *
You writhe in agony.
* * * LOW HITPOINT WARNING * * *
Unknown command.
Casting: Searing Ray (safe; 1% risk of failure)
Confirm with . or Enter, or press ? or * to list all spells.
Aiming: Searing Ray (safe; 1% risk of failure)
Press: ? - help, Shift-Dir - straight line, f/p - Grinder
Aim: Grinder (almost dead, 78% to hit)
The searing ray hits Grinder.
Grinder is almost dead. (Press . to maintain the ray.) Grinder gestures at you.
Pain shoots through your body!
You die...

..#.### ##...##....# ....+.#
##...###...## '####.###
###...####..### ..#.....#
#...#.#.......#
..#.#...####.###.#.......#
..#†###......###.#.......########
......#...........)[)[..))....##.
......###.#......############....
......# #<#####.@### ####.
......# ..# #.5..### #.
......#..## #..†...# #. ........#
####.#..# #. ##.....## #.# ..# #.
..##### ... .# #. >... # ##
..o... .......


You could see Grinder.

Vanquished Creatures
  Jessica (D:2)
  Ijyb (D:3)
  An orc wizard (D:3)
  Terence (D:3)
  4 adders
  2 worms
  A dart slug (D:1)
  5 orcs
  6 ball pythons
  12 endoplasms
  5 giant cockroaches
  7 goblins
  6 hobgoblins
  2 quokkas
  9 bats
  2 frilled lizards (D:1)
  4 kobolds
  5 rats
74 creatures vanquished.

Notes
Turn   | Place    | Note
-------+----------+-------------------------------------------
     0 | D:1      | pokedragonboy the Deep Elf Conjurer began the quest for the
                  | Orb.
     0 | D:1      | Reached XP level 1. HP: 10/10 MP: 6/6
   178 | D:1      | Reached XP level 2. HP: 15/15 MP: 0/8
   181 | D:1      | Learned a level 2 spell: Searing Ray
   299 | D:1      | Reached skill level 5 in Conjurations
   717 | D:1      | Reached XP level 3. HP: 19/19 MP: 8/10
  1170 | D:2      | Found Vokhlo's Antique Armour Boutique.
  1394 | D:2      | Reached XP level 4. HP: 24/24 MP: 3/12
  1651 | D:2      | Found a runed translucent door.
  1652 | D:2      | Noticed Crazy Yiuf
  1733 | D:2      | Noticed Jessica
  1746 | D:2      | Killed Jessica
  1747 | D:2      | Reached skill level 6 in Conjurations
  2072 | D:3      | Found an ancient bone altar of Kikubaaqudgha.
  2326 | D:3      | Noticed Ijyb
  2333 | D:3      | Killed Ijyb
  2334 | D:3      | Reached XP level 5. HP: 21/28 MP: 4/14
  2510 | D:3      | Noticed Terence
  2531 | D:3      | Reached skill level 5 in Spellcasting
  2534 | D:3      | Killed Terence
  2654 | D:3      | Noticed Grinder
  2664 | D:3      | Killed from afar by Grinder

Illustrated notes

Levels and vault maps discovered:
D:1:      lightli_arrival_farm, layout_loops_ring, amcnicky_mini_pool_small,
          minmay_indecisive_spiral
D:2:      layout_rooms, serial_shops, nicolae_square_shop,
          uniq_crazy_yiuf_cottage, uniq_jessica
D:3:      layout_rooms, mainiacjoe_overflow_six_doors_small, uniq_terence,
          uniq_ijyb, uniq_grinder

Skill      XL: |  1  2  3  4  5 |
---------------+----------------+-----
Conjurations   | 5 6 |  6.8
Spellcasting   | 4 5 |  5.1
Dodging        | |  2.4
Stealth        | |  2.4

Action                   |  1- 3 |  4- 6 || total
-------------------------+-------+-------++-------
Melee: Rapier            |       |     2 ||     2
 Cast: Magic Dart        |    66 |    46 ||   112
       Searing Ray       |     5 |    13 ||    18
 Stab: Sleeping          |       |     1 ||     1
Armor: Robe              |     3 |     2 ||     5
Dodge: Dodged            |     6 |     5 ||    11
